[Event "ICC tourney 2315 (120 10)"]
[Site "Internet Chess Club"]
[Date "2021.01.16"]
[Round "1"]
[White "WizardY"]
[Black "Sricharan07"]
[Result "1-0"]
[ICCResult "Black resigns"]
[WhiteElo "1709"]
[BlackElo "1877"]
[Opening "French: Winawer, advance, Bogolyubov variation"]
[ECO "C17"]
[NIC "FR.10"]
[Time "11:04:08"]
[PlyCount "143"]
[TimeControl "7200+10"]

1. e4 e6 2. d4 d5 3. Nc3 Bb4 4. e5 c5 5. Bd2 Bd7 6. a3 Bxc3 7. Bxc3 cxd4 8.
Bxd4 Ne7 9. Bd3 Nbc6 10. Nf3 Ng6 11. c3 Qc7 12. Bxg6 hxg6 13. h3 Ne7 14.
O-O Bb5 15. Re1 b6 16. a4 Bd7 17. b4 Nc6 18. Rc1 Rc8 19. Qd2 Ne7 20. b5 Qc4
21. Qc2 Nf5 22. Nd2 Qc7 23. Qd3 O-O 24. c4 dxc4 25. Rxc4 Qb7 26. Rec1 Qd5
27. Nf3 Rfd8 28. Rxc8 Rxc8 29. Rxc8+ Bxc8 30. Qc2 Bb7 31. Bb2 Qd8 32. Qd2
Qc7 33. Qc3 Qxc3 34. Bxc3 Bxf3 35. gxf3 Kf8 36. f4 Ke8 37. Bb4 Kd7 38. Kf1
Kc7 39. Ke2 Kb7 40. Kd3 a6 41. Kc4 axb5+ 42. axb5 Kc7 43. Kd3 Kd7 44. Ke4
Nh4 45. Bf8 Nf5 46. Bb4 Ke8 47. Ba3 Nh4 48. Bd6 Nf5 49. Bc7 Ne7 50. Bxb6
Nd5 51. Ba5 Kd7 52. h4 Kc8 53. Bd2 Nc7 54. b6 Nd5 55. Be3 Kb7 56. Bc5 Nxb6
57. Bf8 f5+ 58. exf6 gxf6 59. Bg7 Nd7 60. f5 exf5+ 61. Kd5 Ne5 62. Bxf6 Nd3
63. f3 Kc7 64. Ke6 Nf4+ 65. Kf7 Kd7 66. Bg5 Ne6 67. Kxg6 f4 68. h5 Ke8 69.
h6 Nf8+ 70. Kg7 Ne6+ 71. Kf6 Nf8 72. Bxf4 { Black resigns } 1-0

[Event "ICC tourney 2315 (120 10)"]
[Site "Internet Chess Club"]
[Date "2021.01.16"]
[Round "1"]
[White "virajphadke"]
[Black "raschess"]
[Result "1/2-1/2"]
[ICCResult "Game drawn by mutual agreement"]
[WhiteElo "1582"]
[BlackElo "1829"]
[Opening "Queen's pawn, Mason variation"]
[ECO "D00"]
[NIC "QP.08"]
[Time "11:04:16"]
[PlyCount "128"]
[TimeControl "7200+10"]

1. d4 d5 2. Bf4 Nf6 3. e3 e6 4. Nf3 Bd6 5. Bg3 O-O 6. Bd3 b6 7. Nbd2 c5 8.
c3 Nc6 9. Ne5 Qc7 10. Nxc6 Qxc6 11. Nf3 c4 12. Bc2 Ne4 13. Ne5 Bxe5 14.
Bxe5 f6 15. Bg3 f5 16. Be5 Bd7 17. O-O Be8 18. f3 Nf6 19. Qe1 Bg6 20. Rb1
b5 21. Qe2 Qb6 22. b3 Rfc8 23. bxc4 Rxc4 24. Bd3 Rxc3 25. Rxb5 Qc6 26. Rfb1
Rc1+ 27. Rxc1 Qxc1+ 28. Kf2 Rc8 29. Rb8 Rxb8 30. Bxb8 a5 31. Bb5 Qc8 32.
Bd6 Nd7 33. Qd2 Nb6 34. Qxa5 Nc4 35. Bxc4 dxc4 36. Bc5 Be8 37. Qb4 Bc6 38.
a4 Bd5 39. a5 h6 40. Ke2 Kh7 41. Qb6 Qe8 42. Qb4 Qc8 43. Kd2 Qa8 44. Bd6
Qa6 45. Be5 Qc8 46. Kc3 Qa6 47. Kc2 Qa7 48. Qb6 Qxb6 49. axb6 g5 50. Kc3
Kg6 51. b7 Bxb7 52. Kxc4 Ba6+ 53. Kc5 Bf1 54. g3 Bg2 55. Kd6 Kf7 56. f4 g4
57. Kd7 h5 58. Kd6 Bd5 59. Kd7 Be4 60. Bc7 Bf3 61. Bd8 Bd5 62. Kd6 Be4 63.
Ke5 Bd5 64. Bg5 Bb7 { Game drawn by mutual agreement } 1/2-1/2

[Event "ICC tourney 2315 (120 10)"]
[Site "Internet Chess Club"]
[Date "2021.01.16"]
[Round "2"]
[White "Yamato1945"]
[Black "Onchis14"]
[Result "0-1"]
[ICCResult "White checkmated"]
[WhiteElo "1397"]
[BlackElo "1900"]
[Opening "Grünfeld: modern exchange variation"]
[ECO "D85"]
[NIC "GI.04"]
[Time "16:16:49"]
[PlyCount "88"]
[TimeControl "7200+10"]

1. d4 Nf6 2. c4 g6 3. Nc3 d5 4. cxd5 Nxd5 5. e4 Nxc3 6. bxc3 Bg7 7. Nf3 O-O
8. Bc4 c5 9. O-O Bg4 10. e5 Nc6 11. Be3 cxd4 12. cxd4 Rc8 13. Bb3 Bxf3 14.
gxf3 e6 15. Kh1 Nb4 16. Qd2 Nd5 17. Bh6 Bxh6 18. Qxh6 a5 19. Rg1 f5 20. Rg3
Rc7 21. Rag1 b5 22. h4 Qe7 23. h5 Qh4+ 24. Kg2 Nf4+ 25. Qxf4 Qxf4 26. hxg6
hxg6 27. Rxg6+ Kf7 28. Rf6+ Ke7 29. Rxe6+ Kd8 30. Kh3 Rh8+ 31. Kg2 Rh2+ 32.
Kf1 Rc1+ 33. Ke2 Rxg1 34. d5 Rhh1 35. d6 Re1+ 36. Kd3 Rd1+ 37. Kc3 Qc1+ 38.
Bc2 Qd2+ 39. Kb3 a4+ 40. Ka3 Qxc2 41. Re8+ Kxe8 42. d7+ Kxd7 43. e6+ Kxe6
44. f4 Qc3# { White checkmated } 0-1

[Event "ICC tourney 2315 (120 10)"]
[Site "Internet Chess Club"]
[Date "2021.01.16"]
[Round "2"]
[White "awakeflood"]
[Black "TheSuperKing"]
[Result "1-0"]
[ICCResult "Black resigns"]
[WhiteElo "1804"]
[BlackElo "1686"]
[Opening "Giuoco Piano"]
[ECO "C50"]
[NIC "IG.02"]
[Time "16:16:53"]
[PlyCount "33"]
[TimeControl "7200+10"]

1. e4 e5 2. Nf3 Nc6 3. Bc4 Bc5 4. O-O Nf6 5. d4 Bxd4 6. Nxd4 Nxd4 7. f4 Nc6
8. Bxf7+ Kxf7 9. fxe5 Nxe5 10. Qd5+ Ke8 11. Qxe5+ Qe7 12. Qxc7 Qxe4 13. Bg5
Qd4+ 14. Kh1 Qxb2 15. Nc3 a6 16. Qe5+ Kf7 17. Bxf6 { Black resigns } 1-0

[Event "ICC tourney 2315 (120 10)"]
[Site "Internet Chess Club"]
[Date "2021.01.16"]
[Round "2"]
[White "Han366"]
[Black "aauman"]
[Result "1-0"]
[ICCResult "Black resigns"]
[WhiteElo "1700"]
[BlackElo "1534"]
[Opening "QGD semi-Slav: 7.Bc4"]
[ECO "D47"]
[NIC "SL.08"]
[Time "16:16:45"]
[PlyCount "44"]
[TimeControl "7200+10"]

1. d4 d5 2. c4 c6 3. Nf3 Nf6 4. Nc3 e6 5. e3 Nbd7 6. Bd3 dxc4 7. Bxc4 Bd6
8. O-O b5 9. Bd3 O-O 10. e4 e5 11. Bg5 exd4 12. Ne2 c5 13. Bxb5 Rb8 14.
Bxd7 Qxd7 15. e5 Ne4 16. exd6 Nxg5 17. Nxg5 Bb7 18. Qd3 g6 19. Ne4 Qf5 20.
N2g3 Bxe4 21. Qxe4 Qxe4 22. Nxe4 Rxb2 { Black resigns } 1-0

[Event "ICC tourney 2315 (120 10)"]
[Site "Internet Chess Club"]
[Date "2021.01.16"]
[Round "2"]
[White "CougarForest"]
[Black "DanielA1926"]
[Result "1/2-1/2"]
[ICCResult "Game drawn by mutual agreement"]
[WhiteElo "1492"]
[BlackElo "1771"]
[Opening "Sicilian, Szén (`anti-Taimanov') variation"]
[ECO "B44"]
[NIC "SI.39"]
[Time "16:16:42"]
[PlyCount "76"]
[TimeControl "7200+10"]

1. e4 c5 2. Nf3 e6 3. d4 cxd4 4. Nxd4 Nc6 5. Nb5 d6 6. Bf4 e5 7. Be3 Nf6 8.
N1c3 Be6 9. Bg5 a6 10. Na3 Be7 11. Bxf6 Bxf6 12. Nd5 O-O 13. Nxf6+ Qxf6 14.
c3 Rfd8 15. Bc4 b5 16. Bd5 Bxd5 17. Qxd5 Ne7 18. Qd3 d5 19. Rd1 Qg6 20. O-O
Qxe4 21. Rfe1 Qxd3 22. Rxd3 f6 23. f4 e4 24. Rd2 Nf5 25. Nc2 a5 26. Red1
Ne7 27. Ne3 Rac8 28. Nxd5 Nxd5 29. Rxd5 Rxd5 30. Rxd5 b4 31. cxb4 axb4 32.
Rd4 Rc1+ 33. Kf2 b3 34. axb3 Rc2+ 35. Kg3 Rxb2 36. Rxe4 Rxb3+ 37. Kf2 h5
38. h3 Kh7 { Game drawn by mutual agreement } 1/2-1/2

[Event "ICC tourney 2315 (120 10)"]
[Site "Internet Chess Club"]
[Date "2021.01.16"]
[Round "2"]
[White "MysteryHunter"]
[Black "alexdora"]
[Result "0-1"]
[ICCResult "White checkmated"]
[WhiteElo "1743"]
[BlackElo "1950"]
[Opening "Sicilian: Najdorf, Byrne (English) attack"]
[ECO "B90"]
[NIC "SI.14"]
[Time "16:16:49"]
[PlyCount "74"]
[TimeControl "7200+10"]

1. e4 c5 2. Nf3 d6 3. d4 cxd4 4. Nxd4 Nf6 5. Nc3 a6 6. Be3 e5 7. Nb3 Be6 8.
f3 Be7 9. Qd2 b5 10. O-O-O Qc7 11. Kb1 Nbd7 12. g4 O-O 13. h4 Nb6 14. Bxb6
Qxb6 15. Nd5 Bxd5 16. exd5 a5 17. h5 a4 18. Nc1 Rfb8 19. g5 Nd7 20. Bh3 Nf8
21. f4 exf4 22. Qxf4 Ra7 23. Rde1 b4 24. h6 Ng6 25. Qf5 b3 26. cxb3 a3 27.
hxg7 axb2 28. Kxb2 Qd4+ 29. Kb1 Qxg7 30. Bg2 Rxa2 31. Kxa2 Ra8+ 32. Kb1 Qc3
33. Na2 Qxb3+ 34. Kc1 Rxa2 35. Qc8+ Nf8 36. Rxe7 Qb2+ 37. Kd1 Qd2# { White
checkmated } 0-1

[Event "ICC tourney 2315 (120 10)"]
[Site "Internet Chess Club"]
[Date "2021.01.16"]
[Round "2"]
[White "gmcarebear999"]
[Black "Bearbarion"]
[Result "1-0"]
[ICCResult "Black resigns"]
[WhiteElo "1834"]
[BlackElo "1879"]
[Opening "QGD semi-Slav: anti-Meran gambit"]
[ECO "D44"]
[NIC "SL.07"]
[Time "16:16:55"]
[PlyCount "83"]
[TimeControl "7200+10"]

1. d4 d5 2. c4 c6 3. Nc3 Nf6 4. Nf3 e6 5. Bg5 dxc4 6. e4 b5 7. e5 h6 8. Bh4
g5 9. Nxg5 hxg5 10. Bxg5 Nbd7 11. exf6 Bb7 12. a4 Bb4 13. Be2 Qc7 14. h4
O-O-O 15. O-O Bxc3 16. bxc3 a6 17. axb5 cxb5 18. Bf3 Ne5 19. Bxb7+ Qxb7 20.
Ra2 Nd3 21. Qg4 b4 22. cxb4 Rd6 23. Bd2 Qd5 24. Rfa1 Kb7 25. b5 Qxd4 26.
Qxd4 Rxd4 27. bxa6+ Ka8 28. g3 Ne5 29. Bc3 Nf3+ 30. Kf1 Rd3 31. Rc1 Rhd8
32. Ra4 e5 33. Rxc4 R8d6 34. Bb4 Rxf6 35. Rc8+ Ka7 36. Bc5+ Kxa6 37. Rb8
Nd2+ 38. Ke2 Nb3 39. Rc2 e4 40. Ra2+ Na5 41. Ra8+ Kb7 42. R8xa5 { Black
resigns } 1-0

[Event "ICC tourney 2315 (120 10)"]
[Site "Internet Chess Club"]
[Date "2021.01.16"]
[Round "2"]
[White "JGroder"]
[Black "Deveshc"]
[Result "1-0"]
[ICCResult "Black checkmated"]
[WhiteElo "1790"]
[BlackElo "1529"]
[Opening "Sicilian: Richter-Rauzer, Rauzer attack, 7...a6"]
[ECO "B66"]
[NIC "SI.29"]
[Time "16:16:47"]
[PlyCount "139"]
[TimeControl "7200+10"]

1. e4 c5 2. Nf3 Nc6 3. d4 cxd4 4. Nxd4 Nf6 5. Nc3 d6 6. Bg5 e6 7. Qd2 a6 8.
O-O-O Be7 9. Be2 Bd7 10. Kb1 b5 11. Nxc6 Bxc6 12. Bf3 b4 13. Ne2 a5 14. Nd4
Nxe4 15. Qd3 Bxg5 16. Nxc6 Nxf2 17. Nxd8 Nxd3 18. Bxa8 Nf2 19. Nxf7 Kxf7
20. Rhf1 Rxa8 21. Rxf2+ Ke7 22. Rf3 Bf6 23. a3 bxa3 24. Rxa3 d5 25. c3 h6
26. Kc2 Kd6 27. Rda1 e5 28. Rxa5 Rd8 29. Ra6+ Ke7 30. Ra7+ Ke6 31. R1a6+
Kf5 32. Ra8 Rd7 33. R6a7 Rd6 34. b4 e4 35. b5 Rb6 36. Ra5 Kf4 37. R8a6 Rb7
38. Rd6 Ke5 39. Rc6 Bd8 40. Ra8 Bf6 41. b6 d4 42. cxd4+ Kd5 43. Rc5+ Kxd4
44. Rb5 Kc4 45. Ra7 Kxb5 46. Rxb7 Kc6 47. Rb8 Be5 48. Re8 Bxh2 49. Rxe4 Bd6
50. Re6 Kd5 51. Rg6 Be5 52. b7 Kc5 53. Rxg7 Kc6 54. Rg6+ Kxb7 55. Rxh6 Kc7
56. Re6 Bd6 57. g4 Kd7 58. Re4 Be7 59. Kd3 Ke8 60. Ke3 Kf7 61. Kf4 Bf6 62.
Kf5 Kg7 63. g5 Bd8 64. g6 Bf6 65. Ra4 Bb2 66. Ra7+ Kg8 67. g7 Bxg7 68. Kg6
Bf6 69. Ra8+ Bd8 70. Rxd8# { Black checkmated } 1-0

[Event "ICC tourney 2315 (120 10)"]
[Site "Internet Chess Club"]
[Date "2021.01.16"]
[Round "2"]
[White "rockinroll"]
[Black "FL2009"]
[Result "0-1"]
[ICCResult "White resigns"]
[WhiteElo "1804"]
[BlackElo "1863"]
[Opening "Queen's pawn: London system"]
[ECO "A45"]
[NIC "QP.07"]
[Time "16:17:34"]
[PlyCount "108"]
[TimeControl "7200+10"]

1. d4 Nf6 2. Bf4 e6 3. e3 d5 4. Nf3 Bd6 5. Bg3 O-O 6. Bd3 c5 7. c3 b6 8.
Nbd2 Ba6 9. Bxa6 Nxa6 10. Ne5 Qc7 11. Ndf3 Nb8 12. O-O Nfd7 13. Qc2 Nc6 14.
Ng5 g6 15. f4 cxd4 16. cxd4 Ncxe5 17. Qxc7 Nf3+ 18. Nxf3 Bxc7 19. Rac1 Rac8
20. Ne5 Bxe5 21. fxe5 b5 22. Bh4 Nb6 23. b3 a6 24. Be7 Rxc1 25. Rxc1 Rc8
26. Rxc8+ Nxc8 27. Bc5 f6 28. exf6 Kf7 29. Kf2 Kxf6 30. h4 e5 31. g4 Ke6
32. Kf3 Nd6 33. dxe5 Kxe5 34. Bxd6+ Kxd6 35. Kf4 Ke6 36. Kg5 Ke5 37. Kh6
Ke4 38. Kxh7 Kxe3 39. Kxg6 d4 40. h5 d3 41. h6 d2 42. h7 d1=Q 43. h8=Q
Qxg4+ 44. Kf7 Qd7+ 45. Kg6 Qe6+ 46. Kg5 Qd5+ 47. Kg6 Qc6+ 48. Kf5 Qc2+ 49.
Ke6 Qxa2 50. Qh3+ Kd4 51. Qg4+ Kc3 52. Qf3+ Kb4 53. Qe4+ Kxb3 54. Qd3+ Ka4+
{ White resigns } 0-1

[Event "ICC tourney 2315 (120 10)"]
[Site "Internet Chess Club"]
[Date "2021.01.16"]
[Round "2"]
[White "Pifischer"]
[Black "mnm1"]
[Result "1-0"]
[ICCResult "Black checkmated"]
[WhiteElo "1952"]
[BlackElo "1508"]
[Opening "Sicilian: Richter-Rauzer, Rauzer attack, 7...Be7"]
[ECO "B63"]
[NIC "SI.28"]
[Time "16:16:40"]
[PlyCount "57"]
[TimeControl "7200+10"]

1. e4 c5 2. Nf3 d6 3. d4 cxd4 4. Nxd4 Nf6 5. Nc3 Nc6 6. Bg5 e6 7. Qd2 Be7
8. O-O-O O-O 9. Kb1 d5 10. Nxc6 bxc6 11. Be2 Rb8 12. Bf4 Bd6 13. e5 Ba3 14.
exf6 Rxb2+ 15. Ka1 Qxf6 16. Rb1 Rxb1+ 17. Rxb1 d4 18. Ne4 Qf5 19. Bd3 e5
20. Bg5 Qe6 21. Rb3 Be7 22. Qe2 f6 23. Bc4 fxg5 24. Bxe6+ Bxe6 25. Rb7 Ba3
26. Qd3 Bf5 27. Qb3+ Kh8 28. Qxa3 Bxe4 29. Qxf8# { Black checkmated } 1-0

[Event "ICC tourney 2315 (120 10)"]
[Site "Internet Chess Club"]
[Date "2021.01.16"]
[Round "2"]
[White "joeandjoe56"]
[Black "nikhilthota"]
[Result "0-1"]
[ICCResult "White checkmated"]
[WhiteElo "1722"]
[BlackElo "1844"]
[Opening "Ruy Lopez: closed, Breyer, Borisenko variation"]
[ECO "C95"]
[NIC "RL.25"]
[Time "16:17:06"]
[PlyCount "98"]
[TimeControl "7200+10"]

1. e4 e5 2. Nf3 Nc6 3. Bb5 a6 4. Ba4 Nf6 5. O-O Be7 6. Re1 b5 7. Bb3 d6 8.
c3 O-O 9. h3 Nb8 10. d4 Nbd7 11. Nbd2 Bb7 12. Bc2 Re8 13. Nf1 Bf8 14. Ng3
g6 15. a4 Nb6 16. Bg5 Bg7 17. a5 Nbd7 18. Qd2 Rc8 19. h4 c5 20. d5 c4 21.
h5 Nc5 22. hxg6 fxg6 23. Rf1 Qe7 24. Nh4 Rf8 25. f4 exf4 26. Rxf4 Rce8 27.
Raf1 Qe5 28. Nf3 Qe7 29. Nd4 Ba8 30. Qf2 Nxd5 31. Bxe7 Rxf4 32. Qd2 Rxf1+
33. Nxf1 Nxe7 34. Qf4 Be5 35. Qg4 Rf8 36. Ne6 Nxe6 37. Qxe6+ Rf7 38. Ne3
Kg7 39. Nd5 Bxd5 40. exd5 Ng8 41. Be4 Re7 42. Qc8 Nf6 43. Bf3 Bg3 44. Qe6
Rxe6 45. dxe6 d5 46. Kf1 Kf8 47. Ke2 Ke7 48. Ke3 Kxe6 49. Kd4 Bf2# { White
checkmated } 0-1

[Event "ICC tourney 2315 (120 10)"]
[Site "Internet Chess Club"]
[Date "2021.01.16"]
[Round "2"]
[White "Ethan719"]
[Black "ybabji"]
[Result "0-1"]
[ICCResult "White resigns"]
[WhiteElo "1826"]
[BlackElo "1873"]
[Opening "Pirc defense"]
[ECO "B07"]
[NIC "PU.08"]
[Time "16:16:42"]
[PlyCount "58"]
[TimeControl "7200+10"]

1. e4 d6 2. d4 Nf6 3. Nc3 e5 4. Nf3 exd4 5. Qxd4 Be7 6. Bf4 Nc6 7. Bb5 Bd7
8. Bxc6 Bxc6 9. h3 O-O 10. O-O Re8 11. Nd5 Nd7 12. c3 Bf6 13. Qc4 Nc5 14.
e5 b5 15. Nxf6+ gxf6 16. Qb4 Nd3 17. Qd4 dxe5 18. Qxd8 Raxd8 19. Be3 Nxb2
20. Bxa7 Na4 21. Kh2 Bxf3 22. gxf3 c5 23. c4 b4 24. a3 b3 25. Rad1 b2 26.
Rb1 Rd2 27. Rfd1 Rxd1 28. Rxd1 Ra8 29. Rg1+ Kf8 { White resigns } 0-1

[Event "ICC tourney 2315 (120 10)"]
[Site "Internet Chess Club"]
[Date "2021.01.16"]
[Round "2"]
[White "VincentT2008"]
[Black "ChessPlayer2005"]
[Result "0-1"]
[ICCResult "White resigns"]
[WhiteElo "1726"]
[BlackElo "1858"]
[Opening "Grünfeld: exchange variation"]
[ECO "D85"]
[NIC "GI.03"]
[Time "16:16:58"]
[PlyCount "134"]
[TimeControl "7200+10"]

1. d4 Nf6 2. c4 g6 3. Nc3 d5 4. cxd5 Nxd5 5. Bd2 Bg7 6. e4 Nxc3 7. Bxc3 O-O
8. Be2 c5 9. d5 e6 10. Nf3 exd5 11. exd5 Nd7 12. O-O Nb6 13. d6 Be6 14.
Bxg7 Kxg7 15. Rc1 Rc8 16. Rxc5 Rxc5 17. Qd4+ Qf6 18. Qxc5 Qxb2 19. Nd4 Qxa2
20. Qe5+ Kg8 21. f4 Qd5 22. Ra1 a6 23. Nxe6 fxe6 24. Rd1 Qxe5 25. fxe5 Nd7
26. Rb1 Nxe5 27. Rxb7 Rd8 28. Rb6 a5 29. Ra6 Nf7 30. d7 Rxd7 31. Rxa5 Re7
32. Bc4 Nd6 33. Bb3 Kf7 34. Re5 Nf5 35. Kf2 Kf6 36. Re4 e5 37. g3 Rb7 38.
Bg8 Rb2+ 39. Kg1 Nd4 40. Re3 h5 41. Bd5 g5 42. h3 Rd2 43. Be4 Re2 44. Rxe2
Nxe2+ 45. Kf2 Nc3 46. Bf3 h4 47. gxh4 gxh4 48. Ke3 Kf5 49. Bg4+ Kg5 50. Kd3
Nd5 51. Ke2 Kf4 52. Kf2 Nf6 53. Be6 Ne4+ 54. Kg2 Ke3 55. Bg4 Nc5 56. Kf1
Kd2 57. Kf2 e4 58. Be2 Nd3+ 59. Kf1 Nf4 60. Bg4 e3 61. Kg1 e2 62. Bxe2 Kxe2
63. Kh2 Kf2 64. Kh1 Kg3 65. Kg1 Nxh3+ 66. Kh1 Nf2+ 67. Kg1 h3 { White
resigns } 0-1

[Event "ICC tourney 2315 (120 10)"]
[Site "Internet Chess Club"]
[Date "2021.01.16"]
[Round "2"]
[White "bg26723"]
[Black "pracheth18"]
[Result "0-1"]
[ICCResult "White resigns"]
[WhiteElo "1917"]
[BlackElo "1733"]
[Opening "Sicilian defense"]
[ECO "B40"]
[NIC "SI.43"]
[Time "16:16:40"]
[PlyCount "84"]
[TimeControl "7200+10"]

1. e4 c5 2. Nf3 e6 3. d3 d5 4. Nbd2 Nc6 5. g3 Nf6 6. Bg2 Be7 7. O-O O-O 8.
e5 Nd7 9. Re1 Qc7 10. Qe2 b5 11. Nf1 Rd8 12. h4 Bb7 13. Bf4 a5 14. Ne3 d4
15. Nd5 exd5 16. e6 Qc8 17. exf7+ Kh8 18. Bh3 Rf8 19. Bg5 Rxf7 20. Be6 Bxg5
21. Nxg5 Re7 22. Nf7+ Rxf7 23. Bxf7 Nf6 24. Qf3 Qd7 25. Be6 Qd6 26. Bh3 Ne5
27. Qf4 Re8 28. Re2 h6 29. Rae1 Ne4 30. dxe4 g5 31. hxg5 hxg5 32. Qc1 Nf3+
33. Kf1 dxe4 34. Rd1 e3 35. Bg2 Nh2+ 36. Kg1 exf2+ 37. Rxf2 Qxg3 38. Rd3
Nf3+ 39. Kf1 Nh2+ 40. Kg1 Re3 41. Qd1 Ng4 42. Qd2 Nxf2 { White resigns }
0-1

[Event "ICC tourney 2315 (120 10)"]
[Site "Internet Chess Club"]
[Date "2021.01.16"]
[Round "2"]
[White "Boldmann"]
[Black "helenasd"]
[Result "1-0"]
[ICCResult "Black checkmated"]
[WhiteElo "1756"]
[BlackElo "1633"]
[Opening "Sicilian: dragon, Levenfish variation"]
[ECO "B71"]
[NIC "SI.15"]
[Time "16:16:46"]
[PlyCount "55"]
[TimeControl "7200+10"]

1. e4 c5 2. Nf3 d6 3. d4 cxd4 4. Nxd4 Nf6 5. Nc3 g6 6. f4 Bg7 7. e5 dxe5 8.
fxe5 Nd5 9. Bb5+ Kf8 10. e6 Nxc3 11. bxc3 Qb6 12. exf7 Bxd4 13. Qxd4 Qxd4
14. cxd4 Kxf7 15. O-O+ Kg7 16. Bg5 Bd7 17. Bc4 Rc8 18. Rf7+ Kh8 19. Raf1
Na6 20. Bxa6 bxa6 21. Rxe7 Bf5 22. g4 Bxg4 23. Rff7 Kg8 24. Bh6 Rd8 25.
Rg7+ Kf8 26. Rxh7+ Kg8 27. Reg7+ Kf8 28. Rh8# { Black checkmated } 1-0

[Event "ICC tourney 2315 (120 10)"]
[Site "Internet Chess Club"]
[Date "2021.01.16"]
[Round "2"]
[White "Arsalchess"]
[Black "kittycat35"]
[Result "1-0"]
[ICCResult "Black checkmated"]
[WhiteElo "1882"]
[BlackElo "1696"]
[Opening "Ruy Lopez: closed, Chigorin defense"]
[ECO "C97"]
[NIC "RL.24"]
[Time "16:17:01"]
[PlyCount "95"]
[TimeControl "7200+10"]

1. e4 e5 2. Nf3 Nc6 3. Bb5 a6 4. Ba4 Nf6 5. O-O Be7 6. Re1 b5 7. Bb3 d6 8.
c3 O-O 9. h3 Na5 10. Bc2 c5 11. d4 Qc7 12. Nbd2 Bd7 13. Nf1 Rac8 14. d5 Nc4
15. b3 Nb6 16. Ng3 c4 17. b4 h6 18. Nh2 Nh7 19. Ng4 Bg5 20. Nf5 Bxf5 21.
exf5 Bxc1 22. Qxc1 Nxd5 23. Qd2 Ndf6 24. Qe3 Nxg4 25. hxg4 a5 26. bxa5 Qxa5
27. a4 b4 28. cxb4 Qxb4 29. Reb1 Qc5 30. Qxc5 Rxc5 31. a5 Ra8 32. a6 Nf6
33. a7 Rcc8 34. Rb7 d5 35. Rab1 Rf8 36. Ba4 d4 37. f3 c3 38. Bb3 Kh7 39.
Bc2 Kg8 40. R1b5 Rfd8 41. Rb8 Nd7 42. Rxd8+ Rxd8 43. Rd5 Kh7 44. f6+ g6 45.
Rxd7 Rxd7 46. a8=Q d3 47. Qf8 dxc2 48. Qg7# { Black checkmated } 1-0

[Event "ICC tourney 2315 (120 10)"]
[Site "Internet Chess Club"]
[Date "2021.01.16"]
[Round "2"]
[White "bonnelleo1"]
[Black "chessisthebest1"]
[Result "1/2-1/2"]
[ICCResult "Game drawn by mutual agreement"]
[WhiteElo "1871"]
[BlackElo "1812"]
[Opening "Queen's pawn, Mason variation"]
[ECO "D00"]
[NIC "QP.08"]
[Time "16:16:47"]
[PlyCount "73"]
[TimeControl "7200+10"]

1. d4 d5 2. Bf4 Nf6 3. e3 e6 4. Nf3 c5 5. c3 Nc6 6. Nbd2 Be7 7. Bd3 O-O 8.
h3 b6 9. O-O Bb7 10. Ne5 Bd6 11. Ndf3 h6 12. Nxc6 Bxc6 13. Bxd6 Qxd6 14.
Ne5 Nd7 15. Nxc6 Qxc6 16. a4 Nf6 17. f4 g6 18. Qc2 Kh8 19. Rf3 c4 20. Be2
Ne4 21. g4 f5 22. Kh2 Qc7 23. Rg1 Rg8 24. Qc1 Raf8 25. Bd1 a5 26. Bc2 Nd6
27. g5 h5 28. h4 Rb8 29. Qa1 Rb7 30. Qa3 Rgb8 31. Ra1 Ne4 32. Bxe4 fxe4 33.
Rf2 b5 34. axb5 Rxb5 35. Ra2 Kg8 36. Qa4 R8b7 37. Qd1 { Game drawn by
mutual agreement } 1/2-1/2

[Event "ICC tourney 2315 (120 10)"]
[Site "Internet Chess Club"]
[Date "2021.01.16"]
[Round "2"]
[White "raschess"]
[Black "Niteshc"]
[Result "0-1"]
[ICCResult "White checkmated"]
[WhiteElo "1829"]
[BlackElo "1672"]
[Opening "Caro-Kann defense"]
[ECO "B15"]
[NIC "CK.05"]
[Time "16:16:49"]
[PlyCount "108"]
[TimeControl "7200+10"]

1. e4 c6 2. d4 d5 3. Nc3 dxe4 4. Nxe4 Nf6 5. Ng3 h5 6. h4 Qc7 7. Nf3 Bg4 8.
Be2 e6 9. Ne5 Bd6 10. Bxg4 Nxg4 11. Nxg4 hxg4 12. Qxg4 g6 13. h5 Bxg3 14.
fxg3 Qa5+ 15. Bd2 Qd5 16. h6 Nd7 17. a3 O-O-O 18. O-O-O Qa2 19. Bc3 Nb6 20.
Kd2 Nc4+ 21. Ke2 Nxb2 22. Bxb2 Qxb2 23. Qe4 Qxa3 24. Ra1 Qc3 25. Rxa7 Rxd4
26. Qe3 Qxc2+ 27. Kf3 Rd3 28. Ra8+ Kd7 29. Rxh8 Rxe3+ 30. Kxe3 Qc3+ 31. Kf4
Qxh8 32. h7 Ke7 33. Kg4 Kf8 34. Kf4 Kg7 35. Ke5 Qxh7 36. Rxh7+ Kxh7 37. Kd6
Kh6 38. Kc5 Kg5 39. Kb6 Kg4 40. Kxb7 c5 41. Kc6 c4 42. Kd7 c3 43. Ke7 c2
44. Kxf7 c1=Q 45. Kxe6 Kxg3 46. Kf6 Kxg2 47. Kxg6 Qc5 48. Kf7 Qd6 49. Ke8
Qc7 50. Kf8 Kg3 51. Kg8 Kg4 52. Kf8 Kf5 53. Ke8 Ke6 54. Kf8 Qf7# { White
checkmated } 0-1

[Event "ICC tourney 2315 (120 10)"]
[Site "Internet Chess Club"]
[Date "2021.01.16"]
[Round "2"]
[White "JunlinTheWorld"]
[Black "fleshlumpeater"]
[Result "1/2-1/2"]
[ICCResult "Game drawn by mutual agreement"]
[WhiteElo "1837"]
[BlackElo "1966"]
[Opening "English: symmetrical, Botvinnik system reversed"]
[ECO "A37"]
[NIC "EO.28"]
[Time "16:16:55"]
[PlyCount "77"]
[TimeControl "7200+10"]

1. c4 g6 2. g3 Bg7 3. Bg2 c5 4. Nf3 Nc6 5. Nc3 e5 6. d3 Nge7 7. O-O O-O 8.
Bg5 d6 9. Bxe7 Nxe7 10. a3 Nc6 11. Rb1 a5 12. Ne1 Be6 13. Nc2 Qd7 14. b4
axb4 15. axb4 f5 16. bxc5 dxc5 17. Ne3 Rfb8 18. Na4 Ra5 19. Nb6 Qf7 20. Qd2
Ra6 21. Ned5 Rf8 22. e3 g5 23. Rb5 f4 24. Rxc5 f3 25. Bh1 Bh3 26. Rb1 Rd8
27. Rcb5 g4 28. Nb4 Ra7 29. Rd5 Rxd5 30. N4xd5 Ra3 31. Nc3 Bh6 32. Qb2 Rxc3
33. Qxc3 Bxe3 34. Qb2 Bc5 35. Nd5 Nd4 36. Nc3 b6 37. Re1 Qe7 38. Nd5 Qd6
39. Qd2 { Game drawn by mutual agreement } 1/2-1/2

[Event "ICC tourney 2315 (120 10)"]
[Site "Internet Chess Club"]
[Date "2021.01.16"]
[Round "2"]
[White "spideydavey"]
[Black "TigerSahi"]
[Result "1-0"]
[ICCResult "Black checkmated"]
[WhiteElo "1802"]
[BlackElo "1662"]
[Opening "Ruy Lopez: closed, Flohr-Zaitsev system (Lenzerheide variation)"]
[ECO "C92"]
[NIC "RL.26"]
[Time "16:17:34"]
[PlyCount "57"]
[TimeControl "7200+10"]

1. e4 e5 2. Nf3 Nc6 3. Bb5 a6 4. Ba4 Nf6 5. O-O Be7 6. Re1 b5 7. Bb3 d6 8.
c3 O-O 9. h3 Bb7 10. d4 Re8 11. Nbd2 Bf8 12. d5 Nb8 13. Nf1 Nbd7 14. Ng3 g6
15. Bg5 Bg7 16. Qd2 Nb6 17. Rad1 Qd7 18. Bh6 Bxh6 19. Qxh6 Kh8 20. Nf5 Rg8
21. Ng5 Raf8 22. Rd3 Qd8 23. Ne3 Rg7 24. Ng4 Nxg4 25. hxg4 Bc8 26. Rh3 Bxg4
27. Nxh7 Bxh3 28. Nf6+ Rh7 29. Qxh7# { Black checkmated } 1-0